Cogmind - Beta 15 @@@ ROGUE MODE // 2025.07.02 @ 12:39:39 Player: beans Result: Destroyed by YJ-TL1(M) with Barrage Gun Performance ------------- Evolutions (1) 500 Regions Visited (4) 800 Robots Destroyed (47) 235 Value Destroyed (816) 816 Prototype IDs (1) 20 Alien Tech Used (0) 0 Bonus (494) 494 TOTAL SCORE: 2865 Bonus ------- Follower Combat Kills 90 Met Imprinter 300 Was Imprinted 300 Friendly Fire -196 Cogmind --------- Core Integrity 0/400 Matter 100/300 Energy 100/100 System Corruption 2% Temperature Cool (0) Movement Core (50) Location -7/Zion Parts ------- > --- POWER (1) -------- (None) > --- PROPULSION (2) --- (None) > --- UTILITY (3) ------ Hacking Suite > --- WEAPON (3) ------- CR-A16's Pointy Stick > --- INVENTORY (5) ---- Core Shielding Light Assault Rifle Light Assault Rifle Grenade Launcher Peak State ------------ > --- POWER ------------ (None) > --- PROPULSION ------- (None) > --- UTILITY ---------- Hacking Suite Makeshift Hacking Suite Mobile Refinery Mk. CCLXVII > --- WEAPON ----------- Improved Light Cannon Slug Cannon Rocket Launcher > --- INVENTORY -------- Core Shielding Light Assault Rifle Light Assault Rifle Grenade Launcher Self-destruct Interrupter [Rating: 21] Favorites ----------- Power Light Ion Engine Engine Light Ion Engine Propulsion Light Treads Treads Light Treads Utility Hacking Suite Device Mobile Refinery Mk. CCLXVII Hackware Hacking Suite Protection Core Shielding Weapon Rocket Launcher Energy Gun EM Pulse Gun Ballistic Gun Light Assault Rifle Ballistic Cannon Improved Light Cannon Launcher Rocket Launcher Piercing Weapon CR-A16's Pointy Stick Build | -11 -10 -9 -9 -7 ------- Run | Yrd Mat Mat Min Zio Slots Evolved 2 | . . 2 . . Power . | . . . . . Propulsion . | . . . . . Utility 1 | . . 1 . . Weapon 1 | . . 1 . . Parts Attached 17 | 5 . 6 2 4 Power 1 | 1 . . . . Engine 1 | 1 . . . . Core . | . . . . . Reactor . | . . . . . Propulsion 2 | 2 . . . . Treads 2 | 2 . . . . Leg . | . . . . . Wheel . | . . . . . Hover . | . . . . . Flight . | . . . . . Utility 4 | . . 2 . 2 Device 1 | . . . . 1 Storage . | . . . . . Processor . | . . . . . Hackware 2 | . . 1 . 1 Protection 1 | . . 1 . . Artifact . | . . . . . Weapon 10 | 2 . 4 2 2 Energy Gun 3 | 2 . 1 . . Energy Cannon . | . . . . . Ballistic Gun 2 | . . 2 . . Ballistic Cannon 2 | . . . 1 1 Launcher 2 | . . 1 1 . Special Weapon . | . . . . . Impact Weapon . | . . . . . Slashing Weapon . | . . . . . Piercing Weapon 1 | . . . . 1 Special Melee Weapon . | . . . . . Unidentified Prototypes 1 | . . . . 1 Parts Lost 11 | . . 4 3 4 Power 1 | . . 1 . . Propulsion 2 | . . 1 1 . Utility 1 | . . . . 1 Weapon 7 | . . 2 2 3 Highest Loss Streak 4 | . . 2 1 4 To Critical Strikes . | . . . . . Average Backups 3 | . 1 . 2 3 Power . | . . . . . Propulsion . | . . . . . Utility . | . . . . . Weapon 2 | . 1 . 2 3 Tool/Special . | . . . . . Unused Backups 1 | . . . . 1 Power . | . . . . . Propulsion . | . . . . . Utility . | . . . . . Weapon 1 | . . . . 1 Tool/Special . | . . . . . Average Slot Usage (%) 60 | . 71 73 63 57 Engine 1 | . 14 11 . . Treads 4 | . 28 16 10 . Hackware 18 | . . 8 11 21 Protection 4 | . . 7 11 4 Energy Gun 3 | . 28 11 9 . Ballistic Gun 1 | . . 14 2 . Ballistic Cannon 16 | . . . 8 20 Launcher 9 | . . 5 10 10 Peak Build Rating 21 | 5 5 11 11 21 Average Rating 13 | 4 5 8 10 15 On Entrance 5 | . 5 5 10 8 Naked Turns . | . . . . . Heaviest Build 16 | 7 7 11 12 16 Greatest Support 40 | 40 40 40 20 3 Greatest Overweight (x) 5 | 1 . . 2 5 Average Overweight (x) 2 | . . . . 3 Largest Inventory Capacity 5 | 5 5 5 5 5 Average Capacity 5 | 5 5 5 5 5 Most Carried 5 | 2 2 2 4 5 Average Carried 3 | . 1 . 2 4 Final Capacity 5 | 5 5 5 5 5 Final Carried 4 | . 2 2 3 4 Class Distribution -------------------- 64% | Hacker-Bomber 13% | Tank 12% | Mutant 5% | Hacker-Mutant Dominant Class ---------------- Mutant | -10/Materials Tank | -9/Materials Tank | -9/Mines Hacker-Bomber | -7/Zion Resources | -11 -10 -9 -9 -7 ----------- Run | Yrd Mat Mat Min Zio Matter Collected 753 | 239 11 289 122 92 Remotely . | . . . . . Salvage Created 1264 | 55 476 588 145 . Parts 100 | 5 29 47 19 . Haulers Intercepted 1 | . . 1 . . Recyclers Shooed 3 | . . 3 . . Parts Field Recycled . | . . . . . Retrieved Matter . | . . . . . Parts Self-Destructed 4 | . . . . 4 Prevented . | . . . . . Kills | -11 -10 -9 -9 -7 ------- Run | Yrd Mat Mat Min Zio Combat Hostiles Destroyed 22 | . 3 11 8 . Guns 12 | . 3 7 2 . Cannons 1 | . . . 1 . AOE 9 | . . 4 5 . Classes Destroyed 11 | 1 5 4 1 . Worker 3 | . 1 2 . . Builder 3 | . . 2 1 . Tunneler 8 | 2 2 1 3 . Hauler 1 | . . 1 . . Recycler 5 | . 3 2 . . Operator 2 | . 1 1 . . Watcher 4 | . 2 2 . . Swarmer 9 | . . 6 3 . Grunt 9 | . 3 2 4 . Sentry 3 | . . 3 . . Assembled 1 | . . . 1 . Best Kill Streak 9 | 2 5 7 9 . Combat Bots Only 5 | . 1 3 5 . Max Kills in Single Turn 3 | 1 2 3 2 . Gunslinging . | . . . . . Exploded 2 | . . 2 1 . Melee . | . . . . . Uniques/NPCs Destroyed . | . . . . . Combat | -11 -10 -9 -9 -7 -------- Run | Yrd Mat Mat Min Zio Hostile Shots Fired 168 | . 3 90 15 60 Missed 45 | . . 29 3 13 Hits 123 | . 3 61 12 47 Melee 2 | . . . 2 . Projectile 121 | . 3 61 10 47 Critical Strikes 2 | . . 1 . 1 Damage Taken 1646 | . 105 619 251 671 Core 415 | . . 134 34 247 Absorbed by Shields . | . . . . . Redirected to Shielding 22 | . . 14 8 . Regen/Repaired (Parts) 121 | . . . . 121 Core Remaining (%) 100 | 100 100 . . . Volleys Fired 116 | 4 23 56 13 20 Largest 3 | 2 2 3 3 3 Hottest 122 | 80 80 99 122 106 Shots Fired 261 | 8 46 141 27 39 Gun 188 | 8 46 125 9 . Cannon 45 | . . . 9 36 Launcher 28 | . . 16 9 3 Special . | . . . . . Kinetic 108 | . . 60 12 36 Thermal 21 | . . 15 6 . Explosive 28 | . . 16 9 3 Electromagnetic 104 | 8 46 50 . . Robot Hit Streak 10 | 2 5 9 10 4 Robot Miss Streak 5 | 2 2 5 3 1 Penetration Max . | . . . . . Secondary Targets 4 | . . 4 . . Max Gunslinging Chain 1 | . . 1 . . Shots Hit Robots 104 | 4 21 59 12 8 Core Hits 77 | 2 15 38 16 6 Critical Kills . | . . . . . Critical Parts Destroyed . | . . . . . Critical Strikes 1 | . . . . 1 Impale 1 | . . . . 1 Melee Attacks 2 | . . . . 2 Impact . | . . . . . Slashing . | . . . . . Piercing 2 | . . . . 2 Sneak Attacks . | . . . . . Combat Hostiles . | . . . . . Follow-up Attacks . | . . . . . Damage Inflicted 2983 | 53 513 1368 610 439 Guns 1091 | 53 300 695 43 . Cannons 330 | . . . 103 227 Explosions 1485 | . 213 673 464 135 Melee 77 | . . . . 77 Ramming . | . . . . . Kinetic 581 | . . 251 103 227 Thermal 484 | . 213 228 43 . Explosive 1130 | . . 531 464 135 Electromagnetic 711 | 53 300 358 . . Impact . | . . . . . Slashing . | . . . . . Piercing 77 | . . . . 77 Highest Corruption 2 | . . . . 2 Average Corruption 1 | . . . . 1 Corruption Purged . | . . . . . Corruption Blocked . | . . . . . Overload Shots . | . . . . . Overflow Damage . | . . . . . Projectiles . | . . . . . Explosions . | . . . . . Melee . | . . . . . Knockbacks 3 | . . . 1 2 Impact . | . . . . . Kinetic 3 | . . . 1 2 Secondary . | . . . . . Self-Inflicted Damage 237 | . 73 61 103 . Shots 8 | . 2 3 3 . Rammed . | . . . . . Targets Rammed . | . . . . . Kicked . | . . . . . Crushed . | . . . . . Highest Temperature 247 | 72 78 247 72 105 Average Temperature 45 | 39 27 53 39 58 Received Heat Transfer 234 | . 18 90 6 120 Siege Activations . | . . . . . Martial Activations . | . . . . . Shielding Activations . | . . . . . Robots Disrupted . | . . . . . Combat Hostiles . | . . . . . Robots Corrupted . | . . . . . Combat Hostiles . | . . . . . Parts Fried . | . . . . . Impact Corruptions . | . . . . . Robots Melted . | . . . . . Combat Hostiles . | . . . . . Parts Melted . | . . . . . Heat Transferred 783 | . 200 472 111 . Parts Sabotaged . | . . . . . Parts Stolen . | . . . . . Parts Stripped . | . . . . . Power Chain Reactions 6 | . 4 2 . . Alert | -11 -10 -9 -9 -7 ------- Run | Yrd Mat Mat Min Zio Maximum Alert Level 1 | . . 1 . . Low Security (%) 82 | 100 100 57 100 . Level 1 17 | . . 42 . . Level 2 . | . . . . . Level 3 . | . . . . . Level 4 . | . . . . . Level 5 . | . . . . . High Security . | . . . . . Max Security . | . . . . . Peak Influence 263 | 10 63 263 115 . Initial 75 | . 6 16 75 . Average 90 | . 27 173 38 . Influence Increases 946 | 10 180 531 225 . Destroy 0b10 Robot/C 420 | . 60 220 140 . Destroy 0b10 Robot/NC 130 | 10 45 55 20 . Destroy Leader 80 | . 14 56 10 . Disable Machine 105 | . 30 75 . . Destroy Structure 151 | . 16 80 55 . Lose Combat Pursuer 60 | . 15 45 . . Influence Decreases 946 | . 150 376 321 99 Entered New Map 247 | . 4 24 120 99 Time Decay 633 | . 146 312 175 . Lost Part 66 | . . 40 26 . Squads Dispatched 1 | . . 1 . . Investigation . | . . . . . Extermination . | . . . . . Reinforcement 1 | . . 1 . . Assault . | . . . . . Garrison . | . . . . . Intercept . | . . . . . Searches Triggered . | . . . . . Construction Impeded 1 | . . 1 . . Haulers Reinforced . | . . . . . Active Scanning Responses . | . . . . . Cargo Convoy Interrupts . | . . . . . Stealth | -11 -10 -9 -9 -7 --------- Run | Yrd Mat Mat Min Zio Distress Signals 4 | . . 2 2 . Communications Jammed . | . . . . . Distress Signals . | . . . . . Times Spotted 46 | . 9 23 7 7 Peak Tracking Total 5 | . 2 5 3 5 Tactical Retreats 2 | . 1 1 . . Traps | -11 -10 -9 -9 -7 ------- Run | Yrd Mat Mat Min Zio Traps Triggered . | . . . . . Indirectly . | . . . . . Trap Hack Attempts . | . . . . . Triggered . | . . . . . Disarmed . | . . . . . Reprogrammed . | . . . . . Reused . | . . . . . Traps Extracted . | . . . . . Installed . | . . . . . Triggered . | . . . . . Machines | -11 -10 -9 -9 -7 ---------- Run | Yrd Mat Mat Min Zio Machines Disabled 8 | . 3 5 . . Max in Single Turn 1 | . 1 1 . . Machines Repaired . | . . . . . Machines Dismantled . | . . . . . Machines Sabotaged . | . . . . . Overloaded Fab Kills . | . . . . . Hacking | -11 -10 -9 -9 -7 --------- Run | Yrd Mat Mat Min Zio Machines Accessed . | . . . . . Terminals . | . . . . . Fabricators . | . . . . . Repair Stations . | . . . . . Recycling Units . | . . . . . Scanalyzers . | . . . . . Garrison Access . | . . . . . Total Hacks . | . . . . . Successful . | . . . . . Failed . | . . . . . Catastrophic . | . . . . . Database Lockouts . | . . . . . Manual 8 | . . . . 8 Terminals . | . . . . . Fabricators . | . . . . . Repair Stations . | . . . . . Recycling Units . | . . . . . Scanalyzers . | . . . . . Garrison Access . | . . . . . Terminal Hacks . | . . . . . Fabricator Hacks . | . . . . . Repair Station Hacks . | . . . . . Recycling Unit Hacks . | . . . . . Scanalyzer . | . . . . . Garrison Access Hacks . | . . . . . Unauthorized Hacks . | . . . . . Terminals . | . . . . . Fabricators . | . . . . . Repair Stations . | . . . . . Recycling Units . | . . . . . Scanalyzers . | . . . . . Garrison Access . | . . . . . Data Cores Recovered 2 | . 1 1 . . Used . | . . . . . Hacking Detections . | . . . . . Full Trace Events . | . . . . . Feedback Events . | . . . . . Feedback Blocked . | . . . . . Robot Schematics Acquired . | . . . . . Robots Built . | . . . . . Authchips . | . . . . . Time . | . . . . . Total Robot Build Rating . | . . . . . Part Schematics Acquired . | . . . . . Parts Built . | . . . . . Authchips . | . . . . . Time . | . . . . . Total Part Build Rating . | . . . . . Parts Repaired . | . . . . . Time . | . . . . . Parts Recycled . | . . . . . Recycled Matter . | . . . . . Retrieved Matter . | . . . . . Retrieved Components . | . . . . . Parts Scanalyzed . | . . . . . Part Schematics Acquired . | . . . . . Parts Damaged . | . . . . . Bothacking | -11 -10 -9 -9 -7 ------------ Run | Yrd Mat Mat Min Zio Used RIF Installer . | . . . . . Robots Hacked . | . . . . . Non-combat . | . . . . . Combat . | . . . . . Robot Hacks Applied . | . . . . . Relay Couplers Released . | . . . . . Fabnet Peak Effective % . | . . . . . Robots Rewired . | . . . . . Allies Hacked . | . . . . . Hacks Repelled . | . . . . . Allies | -11 -10 -9 -9 -7 -------- Run | Yrd Mat Mat Min Zio Total Allies 6 | . . . . 6 Largest Group 6 | . . . . 6 Highest-Rated Group 344 | . . . . 344 Highest-Rated Ally 96 | . . . . 96 Total Orders . | . . . . . Ally Attacks 12 | . . . . 12 Total Damage 468 | . . . . 468 Kills 2 | . . . . 2 Allies Corrupted . | . . . . . Allies Melted 1 | . . . . 1 Intel | -11 -10 -9 -9 -7 ------- Run | Yrd Mat Mat Min Zio Active Infowar (turns) . | . . . . . Robot Analysis Total . | . . . . . Derelict Logs Recovered 3 | . . . 1 2 Drone Launches . | . . . . . Drone Recoveries . | . . . . . Exploration | -11 -10 -9 -9 -7 ------------- Run | Yrd Mat Mat Min Zio Turns Passed 7135 | 72 364 730 602 5367 Spaces Moved 2857 | 36 184 343 229 2065 Core 2100 | 8 . . 27 2065 Treads 757 | 28 184 343 202 . Legs . | . . . . . Wheels . | . . . . . Hover . | . . . . . Flight . | . . . . . Fastest Speed 50 | 50 160 160 150 50 Average Speed 219 | 142 160 160 158 243 Slowest Speed 300 | 160 160 160 160 300 Overloaded Moves . | . . . . . Propulsion Burnouts . | . . . . . Robots Hopped . | . . . . . Potential Cave-ins . | . . . . . Cave-ins Triggered . | . . . . . Exploration Rate (%) 41 | 5 31 34 45 92 Regions Visited 4 Branch Regions 2 Pre-discovered Areas . | . . . . . Known Exits Taken . | . . . . . Unknown Exits Taken 4 | 1 1 1 1 . Scrap Searched 3 | . . . 1 2 Spaces Dug 7 | . . 7 . . Terrain Destroyed 182 | . 19 88 72 3 Melee . | . . . . . Projectile . | . . . . . AOE 182 | . 19 88 72 3 Terrain Rammed . | . . . . . Walls Destroyed . | . . . . . Machines Disabled . | . . . . . Actions | -11 -10 -9 -9 -7 --------- Run | Yrd Mat Mat Min Zio Total 3481 | 49 208 413 443 2368 Wait 467 | . . 4 198 265 Move 2853 | 35 183 342 228 2065 Hop . | . . . . . Pick Up 20 | 5 2 5 2 6 Fast Attach 1 | . . . . 1 Attach 14 | 5 . 5 1 3 Detach 1 | . . . . 1 Swap 3 | . . 1 1 1 Drop 4 | . . . . 4 Fire 116 | 4 23 56 13 20 Melee 2 | . . . . 2 Ram . | . . . . . Kick . | . . . . . Crush . | . . . . . Escape Stasis . | . . . . . Rewire . | . . . . . Trap . | . . . . . Miscellaneous . | . . . . . Route ------- -11/Scrapyard -10/Materials (discovered 3 exits: [*Mat] / [*Min x2]) -9/Materials (discovered 4 exits: [*Mat] / [*Min] / [*Sto x2]) -9/Mines -7/Zion (discovered 2 exits: Dee / [*Pro]) History --------- Turn | Location | Event 8 | -11/Scrapyard | Discovered new exit (range 15) 73 | -11/Scrapyard | Entered Materials 94 | -10/Materials | Discovered new exit (range 16) 302 | -10/Materials | Build established: Mutant 315 | -10/Materials | Discovered new exit (range 10) 420 | -10/Materials | Discovered new exit (range 11) 437 | -10/Materials | Entered another Materials area 437 | -9/Materials | Evolved 2 slots: Utility x1, Weapon x1 439 | -9/Materials | Discovered new exit (range 14) 640 | -9/Materials | Discovered new exit (range 8) 892 | -9/Materials | Discovered new exit (range 15) 1114 | -9/Materials | Build established: Tank 1159 | -9/Materials | Discovered new exit (range 6) 1167 | -9/Materials | Entered Mines 1174 | -9/Mines | Received a Rocket Launcher from a helpful Derelict 1177 | -9/Mines | Met a Derelict bent on vengeance 1496 | -9/Mines | Excavation squad dispatched 1496 | -9/Mines | A large section of the Mines collapsed 1734 | -9/Mines | A Derelict revealed a hidden shortcut to a safe place 1756 | -9/Mines | Learned Materials non-interactive machine intel 1769 | -9/Mines | Entered Zion 1812 | -7/Zion | Given A8's code to call for help 1976 | -7/Zion | Build established: Mutant 2103 | -7/Zion | Visited the Megawrench Repair Shop 2106 | -7/Zion | Megawrench repaired 4 parts 2185 | -7/Zion | Enhanced Grunt warped into view, answering call for help 2190 | -7/Zion | Enhanced Grunt warped into view, answering call for help 2288 | -7/Zion | Build established: Hacker-Mutant 2800 | -7/Zion | Met Imprinter 2836 | -7/Zion | Build established: Hacker-Bomber 2848 | -7/Zion | Imprinted 2851 | -7/Zion | Declared Zion's savior 3397 | -7/Zion | Identified exit to Deep Caves 3794 | -7/Zion | Found Prototype Device 3795 | -7/Zion | Identified Mobile Refinery Mk. CCLXVII 4112 | -7/Zion | Received a hallucinogenic algorithm 4112 | -7/Zion | Ran a hallucination algorithm 5468 | -7/Zion | Found CR-A16's Pointy Stick 5706 | -7/Zion | Ran a hallucination algorithm 6111 | -7/Zion | Discovered new exit (range 15) 7108 | -7/Zion | Attacked by Zionites 7115 | -7/Zion | Core integrity fell below 50% 7134 | -7/Zion | Core integrity fell below 20% 7136 | -7/Zion | Destroyed by YJ-TL1(M) with Barrage Gun Last Messages --------------- Enhanced Grunt overheating. YZ-I69(M) destroyed. Enhanced Grunt heat short circuits Adv. Heat Sink. Enhanced Grunt critical meltdown. Enhanced Grunt knocked back. Rocket Launcher destroyed. Critical hit (Burn: +80). TR-8EM(M) destroyed. Mak. Hacking Suite destroyed. Imp. Light Cannon destroyed. QV-SLT(M) misfires. Enhanced Grunt shuts down. Slug Cannon destroyed. ZN-J75(z) pulls a Mak. Spear out of the Twisted Machinery. Acquired 3 matter. 1Q-9CT(z) pulls a Mak. Hammer out of the Twisted Machinery. 2V-Y90(M) suffers critical hit (Impale). Map ----- +----------------------------------------------------+ | ?????????????????????????????????????????????????? | | ?????????????????????????????????????????????????? | | ?????????????????????????????????????????????????? | | ?????????????????????????????????????????????????? | | ?????????????????????????????????????????????????? | | ?????????????????????????????????????########????? | | ?????????????????????????????????????#"#""#"#????? | | ?????????????????????????????????????#" " ""#????? | | ?????????????????????####???#???##???#" "###??? | | ????????????????????##"""###"###"###?#" "#"###? | | ??????????????????###"""""""#""""""#### """""#? | | ??????????????????#"""" """" """"##"" """ "#? | | ???????????????????#"" ""#?# "## | | ????????????????????""""" "### "" ""## | | ???????????????????#####"" """""""##"" ""# | | ?????????????##?###"##"""" "###""""" "# | | ??????????????"##""####"" """#"" "" " | | ??????????????#"""###""" """" """" | | ??????????????" X"""##" %g """""" | | ??????????????# "##"#"!%[ "" """#"""" | | ?????????????## """"""** " """ ""##""" | | ?????????????" M |%= M "" """" """""" | | ?????????????" !%! """""""" ""#"" | | ?????????????# """ %z """""" """""" | | ?????>??????#" "" """" """""" | | ????????????##" """" @ "" """""" | | ?????????????###""#"""" M z | | ???????????????##""##"" " | | ????????????????###?##""" "" " | | ?????????????????????##""" """"""""" " " | | ??????????????????????#"#"" """"""##" "" | | ??????????????????????###"""""##"##"" " """ | | ????????????????????????#"""#######"" " "## | | ????????????????????????##"##?????#"" ""# | | ???????????????????#########????###"" ""# | | ???????????????????#""##""#######"""" """## | | ??????????????????###"""""""##"#"""" ""##? | | ??????????????????#"" " """"#""""" "#?? | | ??????????????????#" """"" """#?? | | ??????????????????#"" """ """##?? | | ??????????????????### "" ""##??? | | ????????????????????# """""" "###??? | | ????????????????????## """#"""" " """#??? | | ???????????????#####?## "####""" "" ""#??? | | ???????????????#[[["## " """#?#""" "" "##?? | | ???????????????#" "" """ """"#?###" "" ""##? | | ???????????????# """####"""" "" """#? | | ???????????????#" "" ""###""""" """"#? | | ???????????????#[/]"## """##" ""#"##? | | ???????????????###### """"" "" """##?? | +----------------------------------------------------+ Best States ------------- Heat Dissipation 28 Energy Generation 10 Energy Capacity 125 Matter Stores 300 Matter Capacity 300 Sight Range 16 Terrain Scan Density 10 Core Shielding 20 Evasion (%) 40 Recoil Reduction 2 Offensive Hacking 21 Item Schematics ----------------- None Robot Schematics ------------------ None Fabricated ------------ Nothing Repaired ---------- Nothing Alien Tech Used ----------------- None Achievements -------------- None Challenges ------------ None Game ------ Seed ReinforcedPartitionFlail Manual? 0 Play Time 00:26:17 Cumulative 34.8 hours Start 2025.07.02 @ 12:14:37 End 2025.07.02 @ 12:39:39 Sessions 1 Manual Loads 0 Difficulty Rogue Special Mode None Game No. 168 Rogue 168 Adventurer 0 Explorer 0 Win Type - Total 0 Types 0/0/0/0/0/0/0/0/0/0 Lore% 22 Gallery% 23 Achievement% 19 Wizard Run 0 Options --------- Layout 2 ASCII 0 Keyboard 0 Movement Mouse Keybinds 0 Fullscreen 1 Font 24/Smallcaps Map View 50x44 Zoom Use 0% Tactical HUD 0 Map Filters NONE Filters NONE Steam 1 RUN: 914b8b5a-1bd5-42db-9dcc-4b173e6f9a05